 Dungeon Crawl Stone Soup version 0.27.0-1-g7a089689b8 (webtiles) character file.

Game seed: 2913466814243636988

450 robertstho the Magician (level 7, -9/45 HPs)
             Began as a Djinni Fire Elementalist on Aug 4, 2021.
             Was an Initiate of Gozag.
             Mangled by a yak (12 damage)
             ... summoned by a gnoll shaman
             ... on level 5 of the Dungeon.
             The game lasted 00:08:26 (5094 turns).

robertstho the Magician (Djinni Fire Elementalist)  Turns: 5094, Time: 00:08:27

Health: -9/45      AC:  4    Str:  7    XL:     7   Next: 25%
Gold:   104        EV: 13    Int: 18    God:    Gozag SH:  0 Dex: 14

rFire    + + .     SeeInvis .   k - +0 dagger (protect)
rCold    x . .     Faith    .   (no shield)
rNeg     . . .     Spirit   .   a - +0 robe
rPois    ∞         Reflect  .   e - +0 helmet
rElec    .         Harm     .   (no cloak)
rCorr    .         Rampage  .   n - +0 pair of gloves
Will     .....                  (boots unavailable)
Stlth    ++........             i - amulet of regeneration
HPRegen  1.15/turn              (no ring)
MPRegen  0.00/turn              (no ring)

@: flying
A: sickness immunity, fire resistance 2, cold vulnerability 1, float, innate
caster, hp casting, extra vitality 1
a: Renounce Religion, Potion Petition, Call Merchant, Bribe Branch


You were on level 5 of the Dungeon.
You worshipped Gozag.
Gozag was aware of your devotion.
You visited 2 branches of the dungeon, and saw 6 of its levels.

You collected 247 gold pieces.
You spent 51 gold pieces at shops.
You paid 92 gold pieces to Gozag.

Inventory:

Hand Weapons
 k - a +0 dagger of protection (weapon)
 l - a +2 whip of venom
Armour
 a - a +0 robe (worn)
 e - a +0 helmet (worn)
 n - a +0 pair of gloves (worn)
Jewellery
 i - an amulet of regeneration (around neck)
Scrolls
 b - a scroll of torment {unknown}
 d - a scroll of amnesia {unknown}
 f - 6 scrolls of identify {unknown}
 h - a scroll of silence {unknown}
 j - a scroll of magic mapping {unknown}
 p - 2 scrolls of teleportation {unknown}
Potions
 c - a potion of resistance {unknown}
 g - a potion of heal wounds {unknown}
 m - 2 potions of curing {unknown}
 o - a potion of invisibility {unknown}
 q - a potion of ambrosia {unknown}
 r - a potion of haste {unknown}


   Skills:
 + Level 0.2 Fighting
 + Level 2.9 Dodging
 + Level 2.5 Stealth
 + Level 5.4 Spellcasting


You couldn't memorise any spells.
You knew the following spells:

 Your Spells              Type           Power      Damage    Failure   Level
a - Foxfire               Conj/Fire      96%        2x1d8     1%          1
b - Conjure Flame         Conj/Fire      24%        6-21      4%          3
c - Inner Flame           Hex/Fire       24%        N/A       4%          3
d - Sticky Flame          Conj/Fire      24%        2d5       13%         4
e - Fireball              Conj/Fire      12%        3d7       36%         5
f - Freeze                Ice            96%        1d11      1%          1
g - Corpse Rot            Necr/Air       N/A        N/A       1%          2
h - Poisonous Vapours     Pois/Air       48%        N/A       1%          2
Your spell library was empty.

Dungeon Overview and Level Annotations

Branches:
Dungeon (5/15)             Temple (1/1) D:5

Altars:
Elyvilon
Gozag
Kikubaaqudgha
Okawaru
Xom
Yredelemnul
Zin
The Shining One

Shops:
D:2 =!*([   D:3 [

Annotations:
D:2 Amulet potion shop


Innate Abilities, Weirdness & Mutations

You are immune to sickness and miasma.
You are immune to poison.
Your flesh is very heat resistant. (rF++)
You are vulnerable to cold. (rC-)
You float through the air rather than walking.
You learn spells naturally, not from books.
Your magical power is your life essence.
You have superior vitality. (+4 HP)


Message History

The foxfire hits the black bear!
The black bear is moderately wounded.
The foxfire hits the black bear.
The black bear is heavily wounded.
Casting: Foxfire (safe; 1% risk of failure)
Press: ? - help, Q - select action, (/) - cycle Dir - look around, f - activate You conjure some foxfire!
The foxfire hits the black bear.
The black bear is severely wounded.
The foxfire hits the black bear.
The black bear is almost dead.
The gnoll shaman reads a scroll.
Wisps of shadow swirl around the gnoll shaman.
Casting: Foxfire (safe; 1% risk of failure)
Press: ? - help, Q - select action, (/) - cycle Dir - look around, f - activate You conjure some foxfire!
The foxfire hits the yak.
The yak is lightly wounded.
The foxfire hits the yak.
The yak is lightly wounded.
The black bear goes berserk!
The yak gores you. The yak gores you!
The foxfire hits the yak.
The yak is lightly wounded.
Casting: Foxfire (safe; 1% risk of failure)
Press: ? - help, Q - select action, (/) - cycle Dir - look around, f - activate You conjure some foxfire!
The foxfire hits the yak but does no damage.
The yak is lightly wounded.
The black bear bites you! The black bear barely misses you.
The black bear closely misses you.
A gnoll comes into view. It is wielding a +0 club.
The black bear bites you! The black bear barely misses you.
The black bear claws you.
* * * LOW HITPOINT WARNING * * *
An iguana comes into view.
The yak gores you.
* * * LOW HITPOINT WARNING * * *
The yak gores you!
You die...
Your body crumbles into a pile of gold.

#.#.##............##
..
#.....###.(.###..# .
.........#.⌠.#....#
#..#.....#...#....#
#.##..............#
... ##.......###.###
.. ##...$...##.#####
#...Y.Y..#..##
#..hY@Y......#
##.ghYv.#....###
#Y$$...###.....#
g.$...#.## #.....#
.$..##### ##.#.##
..## ###.# l ###


You could see 5 yaks, a black bear (berserk), a sky beast (summoned), a gnoll
shaman, an iguana (wandering), a hound (summoned) and a gnoll (wandering).

Vanquished Creatures
  An ogre (D:5)
  A scorpion (D:4)
  An orc priest (D:4)
  An iguana (D:5)
  2 bullfrog skeletons (D:4)
  5 gnolls
  4 adders
  An adder skeleton (D:4)
  A worm (D:3)
  2 dart slugs
  5 orcs (D:4)
  2 bat zombies (D:4)
  7 endoplasms
  3 giant cockroaches
  9 goblins
  5 hobgoblins
  10 jackals
  8 kobolds
  3 quokkas
  4 ball pythons
  4 bats
  3 frilled lizards
  8 rats
90 creatures vanquished.

Vanquished Creatures (collateral kills)
  8 foxfires (D:1)
8 creatures vanquished.

Vanquished Creatures (others)
  398 foxfires
  2 fungi (D:1)
  6 plants
406 creatures vanquished.

Grand Total: 504 creatures vanquished

Notes
Turn   | Place    | Note
-------+----------+-------------------------------------------
     0 | D:1      | robertstho the Djinni Fire Elementalist began the quest for
                  | the Orb.
     0 | D:1      | Reached XP level 1. HP: 15/15 MP: 0/0
   335 | D:1      | Reached XP level 2. HP: 19/21 MP: 0/0
   485 | D:1      | Reached skill level 3 in Spellcasting
   541 | D:1      | Reached XP level 3. HP: 20/25 MP: 0/0
   541 | D:1      | Learned a level 1 spell: Freeze
   811 | D:1      | HP: 1/25 [frozen (7)]
  1267 | D:1      | Found a faded altar of an unknown god.
  2062 | D:2      | Found Suewill's Antique Weapon Shop.
  2123 | D:2      | Found Vuhed's Assorted Antiques.
  2131 | D:2      | Bought a metallic inky potion for 24 gold pieces
  2131 | D:2      | Bought a scroll labelled FUMYCUU LESURU for 27 gold pieces
  2142 | D:2      | Found Reobish's Jewellery Shoppe.
  2256 | D:2      | Found Qachotoidd's Distillery.
  2390 | D:2      | Reached XP level 4. HP: 28/31 MP: 0/0
  2783 | D:2      | Found Poecwiorem's Antique Armour Shoppe.
  3579 | D:3      | Reached XP level 5. HP: 35/35 MP: 0/0
  3579 | D:3      | Learned a level 2 spell: Corpse Rot
  3858 | D:3      | Found Subiw's Antique Armour Shop.
  4314 | D:4      | Reached skill level 4 in Spellcasting
  4445 | D:4      | Found a white marble altar of Elyvilon.
  4467 | D:4      | Reached XP level 6. HP: 27/40 MP: 0/0
  4911 | D:5      | Entered Level 5 of the Dungeon
  4915 | D:5      | Noticed an ogre
  4923 | D:5      | Killed an ogre
  4924 | D:5      | Reached skill level 5 in Spellcasting
  4924 | D:5      | Reached XP level 7. HP: 37/45 MP: 0/0
  4924 | D:5      | Learned a level 2 spell: Poisonous Vapours
  4993 | D:5      | Found a staircase to the Ecumenical Temple.
  5003 | Temple   | Entered the Ecumenical Temple
  5026 | Temple   | Became a worshipper of Gozag Ym Sagoz the Greedy
  5093 | D:5      | Noticed a yak
  5093 | D:5      | Noticed a yak
  5093 | D:5      | Noticed a yak
  5093 | D:5      | Noticed a yak
  5093 | D:5      | Noticed a yak
  5094 | D:5      | Mangled by a yak

Illustrated notes

Levels and vault maps discovered:
D:1:      psy_arrival_radial02, layout_basic,
          shapermc_ecumenical_altar_mp_urbaneastern, minmay_unequal
D:2:      layout_loops_ring, serial_forest, infiniplex_forest_straight_2,
          infiniplex_forest_lined_room_3, infiniplex_forest_end_3,
          infiniplex_forest_pool, infiniplex_forest_lined_room_2,
          infiniplex_forest_clump_double, infiniplex_forest_lined_3,
          serial_shops, nicolae_shop_stone, nicolae_shop_behind_doors,
          nicolae_shop_stone, nicolae_diamond_shop, shop, grunt_ministairs_14,
          kennysheep_nondescript, hangedman_decor_peaks_small
D:3:      layout_basic, serial_shops, shop
D:4:      layout_basic, elyvilon_altar_5, lemuel_zombie_altar_kikubaaqudgha
D:5:      cheibrodos_quashed, layout_cave_pools, nicolae_uskayaw_en_pointe,
          minmay_temple_entry_junction_2, uniq_sigmund, uniq_ijyb
Temple:   nicolae_temple_elliptical

Skill      XL: |  1  2  3  4  5  6 |
---------------+-------------------+-----
Spellcasting   | 3 4 5 |  5.4
Stealth        | 2 |  2.5
Fighting       | |  0.2
Dodging        | |  2.9

Action                   |  1- 3 |  4- 6 |  7- 9 || total
-------------------------+-------+-------+-------++-------
 Cast: Foxfire           |    82 |   154 |    28 ||   264
Armor: Robe              |     2 |     5 |       ||     7
Dodge: Dodged            |     7 |    21 |     3 ||    31
